AoeStats
← Cbear

Arena

507880497Analyzed
2v2 RM · 12d ago on Sep 20, 2026· 65m 39s· 4 players
Game mode
Random Map
Map size
Medium (4 player)
Population
200
Speed
Normal
Resources
Standard
Victory
Conquest
Starting age
Dark Age
Ending age
Imperial Age
RankedLock teamsTeams togetherTeam positionsShared explorationLock speedFull tech treeHidden civsTurbo modeCheats
Victory
Defeat
🇰🇷 Romans · South Korea
683
+15
🇺🇸 Persians · United States
634
+17
🇪🇸 Magyars · Spain
653
-16
🇪🇸 Teutons · Spain
648
-16
Cbear
0:50 Loom
11:26 Feudal Age
11:41 Horse Collar
13:55 Double-Bit Axe
16:45 Wheelbarrow
22:36 Castle Age
21:52 Gold Mining
22:04 Stone Mining
23:51 Heavy Plow
24:07 Bow Saw
31:07 Imperial Age
32:08 Kamandaran
33:59 Crop Rotation
32:58 Elite Skirmisher
35:25 Two-Man Saw
33:56 Crossbowman
36:04 Padded Archer Armor
35:54 Fletching
36:27 Hand Cart
35:59 Town Watch
36:44 Thumb Ring
38:02 Ballistics
38:43 Chemistry
38:55 Leather Archer Armor
38:36 Bodkin Arrow
40:14 Conscription
39:35 Elite War Elephant
40:18 Pikeman
40:59 Squires
41:36 Ring Archer Armor
40:53 Capped Ram
43:29 Halberdier
46:18 Forging
46:08 Scale Mail Armor
49:47 Gold Shaft Mining
moon32k
11:37 Feudal Age
12:08 Double-Bit Axe
19:20 Castle Age
17:52 Stone Mining
19:07 Gold Mining
23:51 Bow Saw
31:30 Imperial Age
29:16 Man-at-Arms
30:35 Gold Shaft Mining
31:36 Ballistas
30:55 Long Swordsman
33:13 Forging
33:57 Horse Collar
34:10 Elite Skirmisher
37:09 Chemistry
Javijedi
1:56 Loom
10:38 Feudal Age
11:37 Double-Bit Axe
13:25 Horse Collar
17:45 Wheelbarrow
19:49 Stone Mining
19:50 Gold Mining
22:33 Castle Age
23:39 Heavy Plow
23:57 Bow Saw
27:02 Hand Cart
28:14 Pikeman
28:55 Squires
29:38 Forging
29:22 Fletching
29:34 Scale Mail Armor
32:09 Imperial Age
31:22 Iron Casting
30:49 Padded Archer Armor
30:45 Bodkin Arrow
30:58 Scale Barding Armor
30:51 Guard Tower
31:22 Ballistics
31:13 Fortified Wall
31:14 Masonry
34:18 Town Watch
36:12 Stone Shaft Mining
35:14 Elite Skirmisher
36:47 Crop Rotation
37:21 Two-Man Saw
36:13 Arrowslits
37:29 Chemistry
37:58 Blast Furnace
37:16 Leather Archer Armor
41:15 Crenellations
41:33 Hoardings
41:21 Conscription
41:07 Halberdier
43:38 Town Patrol
47:12 Cavalier
48:04 Bloodlines
51:52 Keep
50:58 Elite Teutonic Knight
52:02 Ironclad
fjclass
3:52 Loom
11:33 Feudal Age
12:32 Horse Collar
12:40 Double-Bit Axe
13:54 Wheelbarrow
16:42 Town Watch
21:50 Castle Age
23:21 Hand Cart
23:13 Heavy Plow
28:42 Imperial Age
28:22 Bow Saw
29:14 Scale Barding Armor
29:40 Corvinian Army
32:11 Chain Barding Armor
32:27 Town Patrol
33:18 Conscription
33:39 Plate Barding Armor
32:55 Fletching
33:59 Husbandry
34:10 Bloodlines
35:22 Crop Rotation
37:08 Bodkin Arrow
38:19 Bracer
41:27 Scale Mail Armor
40:51 Light Cavalry
50:59 Chain Mail Armor
52:48 Pikeman
53:33 Padded Archer Armor
56:10 Thumb Ring
56:34 Parthian Tactics
Connection lost

Rejoining the realm…

Still unreachable

The connection could not be restored.

Session expired

The server has moved on; the page needs a fresh start.